AoeStats
← Axolot

Four Lakes

503054646Analyzed
4v4 RM · 1mo ago on Aug 30, 2026· 26m 9s· 8 players
Game mode
Random Map
Map size
Large (8 player)
Population
200
Speed
Normal
Resources
Standard
Victory
Conquest
Starting age
Dark Age
Ending age
Imperial Age
RankedLock teamsTeams togetherTeam positionsShared explorationLock speedFull tech treeHidden civsTurbo modeCheats
Victory
Defeat
🇦🇷 Inca · Argentina
1437
+13
🇦🇷 Dravidians · Argentina
1419
+14
🇺🇾 Muisca · Uruguay
1408
+14
🇦🇷 Georgians · Argentina
1289
+20
🇨🇳 Japanese · China
1377
-15
🇦🇷 Ethiopians · Argentina
1369
-15
1368
-15
🇧🇷 Huns · Brazil
1355
-14
1234567
7:26 Loom
10:18 Feudal Age
11:32 Double-Bit Axe
14:14 Horse Collar
14:59 Forging
19:21 Gold Mining
22:37 Castle Age
20:57 Scale Barding Armor
21:52 Bloodlines
23:20 Husbandry
24:08 Chain Barding Armor
RevolveR
7:09 Loom
10:41 Feudal Age
11:59 Double-Bit Axe
13:34 Fletching
16:46 Padded Archer Armor
17:30 Fishing Lines
21:36 Wheelbarrow
23:57 Castle Age
22:05 Gold Mining
24:19 Crossbowman
24:55 Bodkin Arrow
25:20 Thumb Ring
25:58 Leather Archer Armor
宝可梦竞技场大师
6:51 Loom
7:21 Loom
9:37 Feudal Age
10:18 Double-Bit Axe
12:38 Horse Collar
16:44 Wheelbarrow
16:32 Bloodlines
19:07 Scale Barding Armor
23:50 Castle Age
22:31 Gold Mining
23:22 Wheelbarrow
25:03 Chain Barding Armor
berryleong
5:55 Loom
6:22 Loom
9:09 Feudal Age
15:49 Gold Mining
16:25 Fletching
26:16 Castle Age
25:04 Padded Archer Armor
[VA] Tano_Pacman
8:56 Loom
11:31 Feudal Age
14:10 Fletching
16:45 Padded Archer Armor
22:32 Castle Age
22:26 Double-Bit Axe
22:42 Crossbowman
23:34 Bodkin Arrow
26:27 Ballistics
pepelui_gg
9:24 Loom
11:20 Feudal Age
12:15 Double-Bit Axe
15:45 Castle Age
14:21 Fishing Lines
15:05 Gold Mining
15:56 Scale Barding Armor
16:28 Bloodlines
18:40 Chain Barding Armor
19:20 Gillnets
21:41 Forging
22:51 Wheelbarrow
22:02 Town Watch
23:20 Iron Casting
26:12 Horse Collar
Axolot
11:03 Feudal Age
11:45 Loom
16:16 Castle Age
14:23 Fishing Lines
14:17 Champi Runner
15:16 Double-Bit Axe
16:27 Scale Mail Armor
19:05 Champi Warrior
19:53 Gold Mining
21:23 Squires
22:29 Arson
23:37 Chain Mail Armor
23:38 Forging
23:41 Bow Saw
[VA] Salvatore
7:04 Loom
13:25 Feudal Age
24:42 Castle Age
22:51 Double-Bit Axe
25:29 Elite Skirmisher
Connection lost

Rejoining the realm…

Still unreachable

The connection could not be restored.

Session expired

The server has moved on; the page needs a fresh start.